Map: Acropolis LE

Players

Dark

  • Race: Zerg Zerg
  • Spawn Location: 5:00

soO - Winner!

  • Race: Zerg Zerg
  • Spawn Location: 11:00

Event: 2019 WCS Global FInals

VOD

Have the link to the VOD?

Description

Time

  • Played on: Oct. 24, 2019, 3:07 a.m.
  • Length: 6:34

All games in this series

Show
View Real Time Build Order
Export as new Build Order

Dark Zerg 

Build Orders: Hatch First 

Get SALT Encoding   

  12  0:02  Drone  
  13  0:12  Overlord  
  13  0:16  Drone  
  14  0:30  Drone x2  
  16  0:48  Hatchery  
  15  0:51  Drone  
  15  0:54  Drone  
  17  0:57  Drone  
  18  1:08  Extractor  
  17  1:12  Spawning Pool  
  17  1:15  Drone  
  17  1:18  Drone  
  18  1:28  Drone  
  19  1:40  Drone  
  20  1:50  Drone  
  21  1:59  Queen x2  
  21  2:00  Zergling x2  
  26  2:01  Drone  
  27  2:10  Overlord  
  27  2:12  Drone  
  27  2:15  Metabolic Boost  
  28  2:29  Drone x2  
  30  2:33  Drone x2  
  32  2:38  Hatchery  
  31  2:46  Queen  
  33  2:54  Overlord  
  33  2:55  Drone  
  34  2:58  Baneling Nest  
  34  3:02  Drone, Zergling x2  
  34  3:05  Drone  
  36  3:14  Drone x3  
  36  3:17  Drone  
  36  3:18  Drone  
  41  3:21  Overlord  
  41  3:30  Zergling x4  
  41  3:31  Zergling x2  
  44  3:36  Evolution Chamber  
  44  3:38  Roach Warren  
  42  3:42  Baneling x4  
  42  3:44  Zergling x4  
  44  3:52  Queen  
  42  3:59  Zergling x4  
  42  4:00  Zergling x6  
  45  4:04  Drone x2  
  45  4:05  Drone  
  45  4:06  Drone  
  49  4:13  Zergling x6  
  51  4:24  Drone x2  
  51  4:25  Drone x2  
  55  4:34  Zergling x4  
  55  4:36  Overlord  
  55  4:37  Lair  
  57  4:43  Baneling x2  
  57  4:47  Extractor  
  57  4:48  Zergling x2  
  57  4:49  Extractor  
  56  4:55  Zergling x14  
  63  5:02  Zergling x4  
  62  5:11  Drone x3  
  62  5:12  Overlord  
  62  5:14  Overlord  
  65  5:16  Extractor  
  65  5:18  Overlord  
  64  5:27  Drone x2  
  65  5:29  Overlord  
  65  5:31  Overlord  
  65  5:34  Drone  
  63  5:41  Queen  
  63  5:42  Drone x8  
  68  5:45  Drone, Spire  
  64  5:56  Drone x3  
  66  6:05  Roach  
  66  6:06  Roach x3  
  66  6:08  Roach  
  75  6:12  Roach x2  
  75  6:15  Roach x2  
Show
View Real Time Build Order
Export as new Build Order

soO Zerg - Winner!

Build Orders: Hatch First 

Get SALT Encoding   

  12  0:00  Drone  
  13  0:12  Overlord  
  13  0:16  Drone  
  14  0:30  Drone x2  
  16  0:47  Hatchery  
  15  0:50  Drone  
  15  0:54  Drone  
  17  0:57  Drone  
  18  1:08  Extractor  
  17  1:12  Spawning Pool  
  17  1:15  Drone  
  17  1:19  Drone  
  18  1:28  Drone  
  19  1:39  Drone  
  20  1:49  Overlord  
  20  1:59  Drone, Queen x2  
  20  2:00  Drone  
  26  2:07  Metabolic Boost  
  26  2:09  Drone  
  26  2:11  Drone  
  28  2:21  Drone  
  30  2:22  Zergling x2  
  30  2:31  Hatchery  
  30  2:35  Drone  
  30  2:38  Drone  
  30  2:42  Queen  
  33  2:47  Overlord  
  33  2:53  Drone  
  33  2:54  Drone  
  33  2:58  Drone  
  36  3:08  Zergling x12  
  36  3:11  Zergling x2  
  43  3:15  Overlord  
  43  3:23  Drone  
  44  3:31  Evolution Chamber  
  44  3:33  Drone  
  44  3:34  Drone x2  
  46  3:38  Drone x2  
  46  3:39  Overlord  
  48  3:45  Drone  
  48  3:46  Roach Warren  
  48  3:51  Drone  
  48  3:52  Drone  
  48  3:53  Drone  
  48  3:54  Drone  
  48  3:55  Zergling x2  
  50  4:00  Zerg Missile Weapons Level 1  
  49  4:03  Drone  
  49  4:05  Drone x2  
  49  4:08  Extractor  
  49  4:09  Drone  
  52  4:10  Drone  
  52  4:12  Drone  
  52  4:13  Drone  
  52  4:14  Drone x2  
  52  4:16  Overlord  
  57  4:23  Drone  
  58  4:24  Overlord  
  58  4:25  Drone  
  58  4:28  Roach x2  
  63  4:33  Roach  
  63  4:37  Roach x4  
  72  4:43  Roach x3  
  78  4:47  Overlord  
  78  4:53  Roach x2  
  78  4:54  Overlord  
  78  4:57  Overlord  
  78  4:58  Overlord  
  82  5:06  Overlord x2  
  81  5:09  Lair  
  81  5:10  Roach  
  81  5:13  Drone x3  
  86  5:15  Drone  
  86  5:17  Roach  
  86  5:18  Roach  
  91  5:22  Roach  
  91  5:24  Zergling x2  
  91  5:25  Zergling x2  
  94  5:29  Roach  
  94  5:31  Zergling x6  
  94  5:35  Roach  
  100  5:36  Roach  
  100  5:41  Roach  
  95  5:44  Zergling x2  
  95  5:48  Drone  
  95  5:49  Extractor  
  95  5:50  Drone x2  
  97  5:57  Roach x2, Zergling x2  
  97  6:03  Roach x2  
  97  6:04  Overlord  
  106  6:07  Extractor  
  106  6:09  Extractor  
  106  6:11  Zergling x6  
  107  6:18  Drone  
  107  6:19  Drone  
Tags
 
Add a new tag
Caveats
  • Supply blocks, unpowered buildings, or Contaminate may cause inaccurate times.
  • Supply counts are checked every 10 seconds.